 Dungeon Crawl Stone Soup version 0.21.1-1-g345015f (webtiles) character file.

56 theblackcape the Ducker (level 3, 0/17 HPs)
             Began as a Felid Monk on July 7, 2018.
             Killed from afar by Natasha (10 damage)
             ... with a magic dart
             ... on level 2 of the Dungeon.
             The game lasted 00:04:22 (1577 turns).

theblackcape the Ducker (Felid Monk)                Turns: 1577, Time: 00:04:23

Health: 0/17       AC:  1    Str:  7    XL:     3   Next: 71%
Magic:  4/4        EV: 22    Int: 11    God:
Gold:   96         SH:  0    Dex: 19    Spells: 2/2 levels left
                                        Lives:  0   Deaths: 0

rFire    . . .     SeeInvis +     - Unarmed
rCold    . . .     Gourm    .   (shield unavailable)
rNeg     . . .     Faith    .   (armour unavailable)
rPois    +         Spirit   .   (helmet unavailable)
rElec    .         Reflect  .   (cloak unavailable)
rCorr    .         Harm     +   (gloves unavailable)
MR       .....                  (boots unavailable)
Stlth    +++.......             m - amulet of harm
HPRegen  0.05/turn              b - ring of see invisible
MPRegen  0.09/turn              j - ring of poison resistance

@: slowed, slow
A: very small, no armour, no weapons or thrown items, stealth, claws 1, fangs 3,
see invisible, carnivore, speed 1, shaggy fur 1, slow metabolism 1, sharp paws
a: no special abilities


You were on level 2 of the Dungeon.
You were completely stuffed.

You visited 1 branch of the dungeon, and saw 2 of its levels.

You collected 96 gold pieces.

Inventory:

Jewellery
 b - a ring of see invisible (left paw)
 j - a ring of poison resistance (right paw)
 m - an amulet of harm (around neck)
Scrolls
 d - 2 scrolls of teleportation
 e - a scroll of enchant weapon {unknown}
 f - a scroll of identify {unknown}
 g - a scroll of remove curse {unknown}
 i - a scroll of fear {unknown}
 o - a scroll of noise {unknown}
Potions
 h - 2 potions of degeneration {unknown}
 k - 3 potions of agility {unknown}
 l - a potion of curing {unknown}
 n - a potion of haste {unknown}
Comestibles
 a - 2 rations


   Skills:
 - Level 3.0 Fighting
 + Level 6.3 Dodging
 - Level 2.6 Stealth
 - Level 3.0 Unarmed Combat


You had 2 spell levels left.
You didn't know any spells.

Dungeon Overview and Level Annotations

Branches:
Dungeon (2/15)

Altars:
Xom

Annotations:
D:2 Natasha, Sigmund


Innate Abilities, Weirdness & Mutations

You cannot wear armour.
You are incapable of wielding weapons or throwing items.
Your paws allow you to move quietly. (Stealth)
You have sharp claws.
You have razor-sharp teeth.
You have supernaturally acute eyesight. (SInv)
You are carnivorous and can eat meat at any time.
You cover ground quickly.
You are covered in fur. (AC +1)
You have a slow metabolism.
Your sharp claws are effective at attacking unaware monsters.


Message History

You pounce on the unaware helpless kobold!
You claw the kobold!
You kill the kobold!
You see here a kobold corpse.
You see here a club.
You closely miss Natasha.
Natasha stares at you and mumbles some strange words.
The magic dart hits you!
You scratch Natasha.
Natasha is heavily wounded.
Natasha drinks a potion.
Natasha is healed!
You scratch Natasha but do no damage.
Natasha stares at you and mumbles some strange words.
You feel yourself slow down.
You scratch Natasha.
Natasha is heavily wounded.
Natasha casts a spell at you. The magic dart hits you!
Ouch! That really hurt!
You die...

########## #........#
#........######
#.............#
#....h@.......###
#.............#.#######
+.............)........
#.........#####.###.#.#
........%..##....#.....#
...$....................
.....#?..####.##...#####
..........?...###### ###
..............# #..


You could see Natasha.

Vanquished Creatures
  An adder (D:2)
  3 worms (D:2)
  2 dart slugs
  A leopard gecko (D:1)
  A goblin (D:1)
  6 hobgoblins
  3 jackals (D:1)
  2 ball pythons
  3 bats (D:1)
  A frilled lizard (D:1)
  5 kobolds
  6 rats
34 creatures vanquished.

Notes
Turn   | Place    | Note
-------+----------+-------------------------------------------
     0 | D:1      | theblackcape the Felid Monk began the quest for the Orb.
     0 | D:1      | Reached XP level 1. HP: 10/10 MP: 2/2
   260 | D:1      | Reached XP level 2. HP: 14/14 MP: 3/3
   317 | D:1      | Reached skill level 5 in Dodging
   460 | D:1      | Found a shimmering altar of Xom.
   858 | D:2      | Reached XP level 3. HP: 17/17 MP: 4/4
  1038 | D:2      | Reached skill level 6 in Dodging
  1284 | D:2      | Noticed Sigmund
  1287 | D:2      | Noticed Natasha
  1577 | D:2      | Killed from afar by Natasha

Skill      XL: |  1  2  3 |
---------------+----------+-----
Dodging        | 5 6 |  6.3
Fighting       | |  3.0
Stealth        | |  2.6
Unarmed Combat | |  3.0

Action                   || total
-------------------------++-------
Melee: Unarmed           ||   103
       Bite              ||     4
       Punch             ||     2
  Use: Scroll            ||     1
 Stab: Sleeping          ||    10
       Distracted        ||     2
  Eat: Chunk             ||     9
Armor: Skin              ||     2
Dodge: Dodged            ||    74
